 Dungeon Crawl Stone Soup version 0.19-a0-1626-g5215c36 (webtiles) character file.

3544 poirepourri the Covert (level 9, 0/42 HPs)
             Began as a Spriggan Enchanter on Sept 18, 2016.
             Was a Believer of Ashenzari.
             Killed from afar by a hell hound (11 damage)
             ... with a blast of flame
             ... on level 8 of the Dungeon.
             The game lasted 00:16:22 (10151 turns).

poirepourri the Covert (Spriggan Enchanter)        Turns: 10151, Time: 00:16:22

Health: 0/42       AC:  3    Str:  4    XL:     9   Next: 82%
Magic:  18/23      EV: 21    Int: 21    God:    Ashenzari [**....]
Gold:   361        SH:  0    Dex: 18    Spells: 5 memorised, 15 levels left

rFire  + . .     SeeInvis +     j - +1 dagger (speed) (curse)
rCold  + . .     Gourm    .     b - +1 robe
rNeg   . . .     Faith    .     (shield restricted)
rPois  +         Spirit   .     (helmet restricted)
rElec  +         Dismiss  .     (no cloak)
rCorr  +         Reflect  .     (gloves unavailable)
MR     +....     Harm     .     (boots unavailable)
Stlth  ++++++....               (no amulet)
                                o - ring of wizardry
                                u - +3 ring of intelligence

@: resistant, very quick
A: unfitting armour, see invisible, herbivore 3, speed 3, slow metabolism 2
a: Curse Item, Scrying, Renounce Religion


You were on level 8 of the Dungeon.
You worshipped Ashenzari.
Ashenzari was pleased with you.
You were not hungry.

You visited 2 branches of the dungeon, and saw 9 of its levels.

You collected 361 gold pieces.

Inventory:

Hand Weapons
 a - a +1 dagger
 j - a cursed +1 dagger of speed (weapon)
Armour
 b - a +1 robe (worn)
Jewellery
 i - an uncursed ring of resist corrosion
 o - a ring of wizardry (right hand)
 u - a +3 ring of intelligence (left hand)
Wands
 z - a wand of polymorph (12/24)
Scrolls
 q - a scroll of recharging
 t - a scroll of amnesia
 w - 2 scrolls of magic mapping
Potions
 e - a potion of mutation
 f - 2 potions of lignification
 h - a potion of cancellation {unknown}
 k - a potion of curing {unknown}
 l - a potion of flight {unknown}
 m - a potion of brilliance {unknown}
 n - a potion of heal wounds {unknown}
 p - a potion of resistance
 s - a potion of beneficial mutation {unknown}
 v - a potion of haste {unknown}
 x - 2 potions of magic
 A - a potion of might {unknown}
Books
 c - a book of Maledictions

   Spells                             Type                      Level
   a - Corona                         Hexes                        1
   b - Ensorcelled Hibernation        Hexes/Ice                    2
   c - Confuse                        Hexes                        3
   d - Tukima's Dance                 Hexes                        3
   e - Dazzling Spray                 Conjuration/Hexes            3
 y - a book of Changes

   Spells                             Type                      Level
   a - Beastly Appendage              Transmutation                1
   b - Sticks to Snakes               Transmutation                2
   c - Spider Form                    Transmutation/Poison         3
   d - Ice Form                       Ice/Transmutation            4
   e - Blade Hands                    Transmutation                5
Comestibles
 d - 8 bread rations
 g - 2 fruits


   Skills:
 + Level 1.7 Fighting
 + Level 4.4(6.6) Short Blades
 + Level 5.6 Dodging
 + Level 13.2 Stealth
 * Level 9.5 Spellcasting
 + Level 7.8 Hexes
 - Level 1.0 Ice Magic


You had 15 spell levels left.
You knew the following spells:

 Your Spells              Type           Power        Failure   Level  Hunger
a - Corona                Hex            #####..      1%          1    None
b - Ensorcelled Hibernat  Hex/Ice        ####..       1%          2    None
c - Confuse               Hex            #####...     1%          3    None
d - Tukima's Dance        Hex            #####...     1%          3    None
e - Dazzling Spray        Conj/Hex       ####..       1%          3    None


Dungeon Overview and Level Annotations

Branches:
Dungeon (8/15)             Temple (1/1) D:4            Lair (0/6) D:8

Altars:
Ashenzari
Cheibriados
Dithmenos
Elyvilon
Fedhas
Gozag
Kikubaaqudgha
Makhleb
Nemelex Xobeh
Okawaru
Qazlal
Ru
Sif Muna
Trog
Uskayaw
Vehumet
Xom
Yredelemnul
Zin
The Shining One

Shops:
D:5 }

Annotations:
D:4 jacquesderrida's ghost, weakling VSSk


Innate Abilities, Weirdness & Mutations

You are tiny and cannot use many weapons and most armour.
You have supernaturally acute eyesight. (SInv)
You are a herbivore.
You cover ground extremely quickly.
You need consume almost no food.


Message History

Press: ? - help, Shift-Dir - straight line, f/p - hell hound
Aim: a hell hound (chance to defeat MR: 68%)
The hell hound struggles to resist.
The hell hound bites you!
You feel protected. The hell hound misses you.
Okay, then.
As you read the scroll of identify, it crumbles to dust.
x - 2 potions of magic The hell hound misses you.
As you read the scroll of identify, it crumbles to dust.
e - a potion of mutation The hell hound completely misses you.
The hell hound closely misses you. The hell hound bites you.
* * * LOW HITPOINT WARNING * * *
Okay, then.
Okay, then.
The hell hound breathes flames at you.
The blast of flame hits the hell hound.
The hell hound completely resists.
The blast of flame hits you! You resist.
You die...

#.#.# ##.#.#.#####(........# *
#.#.###.....................,*
#.#......#.#..##############,*
#......##.....# * *
#.#.+#######+h# *
#.#.#...#...#.# *
#.#.#.†.#...#h#
#.###.......#.# #.#
#..####._.###@# #..
##.##.......#.# ###
#..#.).#.†.#.############
#..#...#...#............#
#..'#######'.##########.#
#.....# #.........%.....#####
####### ##############.......
##...... #######


You could see 2 hell hounds.

Vanquished Creatures
  Prince Ribbit (D:5)
  Grinder (D:5)
  3 hippogriffs (D:8)
  Sigmund (D:2)
  A spriggan (D:7)
  Eustachio (D:4)
  2 orc warriors
  2 sky beasts
  An ice beast (D:6)
  2 phantoms
  An ogre (D:4)
  2 centaurs
  3 bullfrogs (D:6)
  4 crimson imps
  2 bullfrog zombies (D:7)
  A jelly (D:6)
  4 orc priests
  A centaur zombie (D:7)
  3 hounds
  A bullfrog skeleton (D:7)
  5 orc wizards
  2 iguanas (D:7)
  6 worker ants
  A hound skeleton (D:7)
  4 gnolls (D:7)
  2 howler monkey skeletons (D:6)
  2 adders
  3 shadow imps
  An ooze (D:2)
  3 adder skeletons
  4 worms
  2 dart slugs
  4 leopard geckos
  23 orcs
  3 bats
  4 giant cockroaches
  4 goblins
  10 hobgoblins
  16 jackals
  4 quokkas
  A ball python (D:5)
  5 frilled lizards
  9 kobolds
  A leopard gecko zombie (D:6)
  8 rats
164 creatures vanquished.

Vanquished Creatures (others)
  An ooze (D:3)
  A ball python (D:3)
  A kobold (D:3)
3 creatures vanquished.

Grand Total: 167 creatures vanquished

Notes
Turn   | Place    | Note
-------+----------+-------------------------------------------
     0 | D:1      | poirepourri the Spriggan Enchanter began the quest for the Orb.
     0 | D:1      | Reached XP level 1. HP: 9/9 MP: 5/5
   253 | D:1      | Reached XP level 2. HP: 13/13 MP: 7/7
   258 | D:1      | Learned a level 2 spell: Ensorcelled Hibernation
   790 | D:2      | Reached XP level 3. HP: 11/16 MP: 1/8
  1001 | D:2      | Noticed Sigmund
  1007 | D:2      | Killed Sigmund
  1007 | D:2      | Reached skill level 6 in Stealth
  1007 | D:2      | Reached XP level 4. HP: 21/21 MP: 4/10
  1007 | D:2      | Reached XP level 5. HP: 25/25 MP: 4/11
  1084 | D:2      | Found an iron altar of Okawaru.
  1182 | D:2      | Learned a level 3 spell: Confuse
  1186 | D:2      | Learned a level 3 spell: Tukima's Dance
  2140 | D:3      | Found a radiant altar of Vehumet.
  2216 | D:3      | Reached skill level 7 in Stealth
  2305 | D:3      | Reached XP level 6. HP: 13/29 MP: 2/12
  2335 | D:3      | Reached skill level 1 in Ice Magic
  3176 | D:3      | Found a blossoming altar of Fedhas.
  3566 | D:3      | Found a snail-covered altar of Cheibriados.
  3871 | D:4      | Found a staircase to the Ecumenical Temple.
  3878 | D:4      | Reached skill level 1 in Fighting
  3884 | Temple   | Entered the Ecumenical Temple
  4149 | Temple   | Became a worshipper of Ashenzari the Shackled
  4316 | D:4      | Noticed jacquesderrida's ghost (weakling VSSk)
  4683 | D:4      | Reached skill level 8 in Stealth
  4683 | D:4      | Reached skill level 5 in Hexes
  4691 | D:4      | Noticed Eustachio
  4715 | D:4      | Killed Eustachio
  4715 | D:4      | Reached XP level 7. HP: 22/33 MP: 0/14
  5590 | D:4      | Reached skill level 9 in Stealth
  5590 | D:4      | Reached skill level 5 in Spellcasting
  5819 | D:5      | Entered Level 5 of the Dungeon
  6249 | D:5      | Reached skill level 5 in Dodging
  6249 | D:5      | Reached XP level 8. HP: 37/37 MP: 5/17
  6337 | D:5      | Noticed Prince Ribbit
  6338 | D:5      | Found a basalt altar of Yredelemnul.
  6350 | D:5      | Killed Prince Ribbit
  7184 | D:5      | Noticed Grinder
  7185 | D:5      | Found Obielafa's Gadget Boutique.
  7205 | D:5      | Killed Grinder
  7205 | D:5      | Reached skill level 10 in Stealth
  7357 | D:6      | Learned a level 3 spell: Dazzling Spray
  7386 | D:6      | Found a white marble altar of Elyvilon.
  7538 | D:6      | Found an ancient bone altar of Kikubaaqudgha.
  7870 | D:6      | Reached * piety under Ashenzari
  7897 | D:6      | Reached skill level 11 in Stealth
  8200 | D:6      | Reached XP level 9. HP: 41/41 MP: 21/21
  9085 | D:7      | Reached skill level 12 in Stealth
  9779 | D:8      | Reached ** piety under Ashenzari
  9906 | D:8      | Reached skill level 13 in Stealth
 10078 | D:8      | Found a sacrificial altar of Ru.
 10124 | D:8      | Found a staircase to the Lair.
 10151 | D:8      | Killed from afar by a hell hound

Vault maps used:
D:1:      tarquinn_simple_flora_water_e, hex_large
D:2:      first_bread, okawaru_gym_becter, uniq_sigmund
D:3:      old_standard_altar, fiery_altar_vehumet, fedhas_altar_1
D:4:      minmay_misc_feat_nine_boxes, uniq_eustachio
D:5:      lemuel_upstairs_altar, serial_shops, shop, yredelemnul_altar_generic,
          uniq_prince_ribbit1, uniq_grinder
D:6:      kiku_gazebo_pond_becter, overflow_temple_1_default,
          nrook_loot_triangle
D:7:      the_bakery
D:8:      minmay_lair_entry_lava, nicolae_ru_great_annihilating_truth
Temple:   regret_index_temple_generic_petals

Skill      XL: |  1  2  3  4  5  6  7  8  9 |
---------------+----------------------------+-----
Spellcasting   | 3 4 5 7 9 |  9.5
Short Blades   | 2 3 4 |  4.4
Dodging        | 4 5 |  5.6
Stealth        | 6 7 8 9 11 13 | 13.2
Hexes          | 4 5 7 |  7.8
Ice Magic      | 1 |  1.0
Fighting       | 1 |  1.7

Action                   |  1- 3 |  4- 6 |  7- 9 || total
-------------------------+-------+-------+-------++-------
Melee: Dagger            |    58 |   143 |   251 ||   452
 Cast: Corona            |     8 |     4 |       ||    12
       Ensorcelled Hiber |    10 |    63 |    69 ||   142
       Confuse           |       |     2 |    28 ||    30
       Dazzling Spray    |       |       |     4 ||     4
Invok: Curse Item        |       |     1 |       ||     1
  Use: Scroll            |       |     7 |     4 ||    11
       Potion            |       |       |     1 ||     1
 Stab: Sleeping          |    13 |    49 |    63 ||   125
       Confused          |       |     2 |    17 ||    19
       Distracted        |       |       |     1 ||     1
  Eat: Fruit             |       |     2 |     4 ||     6
       Bread ration      |       |     1 |       ||     1
Armor: Robe              |     7 |     6 |    14 ||    27
Dodge: Dodged            |    46 |    91 |   159 ||   296
